| TOP OF THE 1ST |
|
Philadelphia Phillies batting - Pitching for Los Angeles Dodgers : LHP Dave Righetti
|
|
Pitching: LHP Dave Righetti
|
|
|
Batting: RHB Andy Ramirez
|
0-0: Called Strike 0-1: SINGLE (Groundball, 6MD, EV 103.1 MPH)
|
|
Batting: RHB Paul Molitor
|
0-0: Ball 1-0: Foul Ball, location: 2F 1-1: Ball Passed Ball! Andy Ramirez to second 2-1: Foul Ball, location: 2F 2-2: Ball 3-2: Foul Ball, location: 2F 3-2: Foul Ball, location: 2F 3-2: SINGLE (Line Drive, 56D, EV 98.1 MPH) Andy Ramirez to third Runner from 3rd tries for Home, SAFE, throw by LF to home
|
|
Batting: LHB Tony Gwynn
|
0-0: Called Strike Paul Molitor steals 2nd base 0-1: Swinging Strike 0-2: Ball 1-2: Foul Ball, location: 2F 1-2: SINGLE (Line Drive, 7S, EV 96.3 MPH) Paul Molitor to third Runner from 3rd tries for Home, SAFE, throw by LF to home
|
|
Batting: RHB Candy Maldonado
|
0-0: Called Strike 0-1: Called Strike 0-2: Ball Tony Gwynn is caught stealing 2nd base 2-4 1-2: Strikes out swinging
|
|
Batting: RHB Andre Dawson
|
0-0: Ground out 6-3 (Groundball, 6, EV 107.5 MPH)
|
| Top of the 1st over - 2 runs, 3 hits, 0 errors, 0 left on base; Philadelphia 2 - Los Angeles 0 |
| BOTTOM OF THE 1ST |
|
Los Angeles Dodgers batting - Pitching for Philadelphia Phillies : RHP Jim Beattie
|
|
Pitching: RHP Jim Beattie
|
|
|
Batting: RHB Billy Sample
|
0-0: Called Strike 0-1: Foul Ball, location: 2F 0-2: Ball 1-2: Ball 2-2: SINGLE (Line Drive, 89S, EV 102.5 MPH)
|
|
Batting: RHB Carney Lansford
|
0-0: Ball 1-0: Fly out, F7 (Flyball, 7S, EV 83.1 MPH)
|
|
Batting: RHB Dick Davis
|
0-0: Called Strike 0-1: Ball 1-1: Fly out, F9 (Flyball, 89M, EV 81.9 MPH)
|
|
Batting: RHB Jerry Keller
|
0-0: Ball 1-0: Called Strike 1-1: Ball 2-1: Called Strike 2-2: Ball 3-2: 2-RUN HOME RUN (Flyball, 9LD, EV 100.0 MPH), Distance : 350 ft
|
|
Batting: RHB Gary Gaetti
|
0-0: Ball 1-0: Swinging Strike 1-1: Foul Ball, location: 2F 1-2: Ball 2-2: Foul Ball, location: 2F 2-2: Strikes out looking
|
| Bottom of the 1st over - 2 runs, 2 hits, 0 errors, 0 left on base; Philadelphia 2 - Los Angeles 2 |
| TOP OF THE 2ND |
|
Philadelphia Phillies batting - Pitching for Los Angeles Dodgers : LHP Dave Righetti
|
|
Batting: RHB Jody Davis
|
0-0: SINGLE (Line Drive, 56D, EV 94.4 MPH)
|
|
Batting: RHB Dan Thomas
|
0-0: Ball 1-0: Called Strike 1-1: Swinging Strike 1-2: Grounds into double play, 5-4-3 (Groundball, 56, EV 106.3 MPH)
|
|
Batting: LHB Lou Whitaker
|
0-0: Swinging Strike 0-1: Ball 1-1: Swinging Strike 1-2: Ball 2-2: Foul Ball, location: 2F 2-2: Strikes out looking
|
| Top of the 2nd over - 0 runs, 1 hit, 0 errors, 0 left on base; Philadelphia 2 - Los Angeles 2 |
| BOTTOM OF THE 2ND |
|
Los Angeles Dodgers batting - Pitching for Philadelphia Phillies : RHP Jim Beattie
|
|
Batting: SHB Chris W Smith
|
0-0: Ground out U3 (Groundball, 3L, EV 85.0 MPH)
|
|
Batting: RHB Toby Harrah
|
0-0: Ball 1-0: Ball 2-0: Ball 3-0: Called Strike 3-1: Base on Balls
|
|
Batting: RHB Roberto Reyes
|
0-0: Ball 1-0: Ground out U3 (Groundball, 34S, EV 61.3 MPH) Toby Harrah to second
|
|
Batting: LHB Dave Righetti
|
0-0: Called Strike 0-1: Ground out 6-3 (Groundball, 6, EV 100.6 MPH)
|
| Bottom of the 2nd over - 0 runs, 0 hits, 0 errors, 1 left on base; Philadelphia 2 - Los Angeles 2 |
| TOP OF THE 3RD |
|
Philadelphia Phillies batting - Pitching for Los Angeles Dodgers : LHP Dave Righetti
|
|
Batting: RHB Jim Beattie
|
0-0: Swinging Strike 0-1: Called Strike 0-2: Ball 1-2: Strikes out swinging
|
|
Batting: RHB Andy Ramirez
|
0-0: Ground out 5-3 (Groundball, 6S, EV 75.6 MPH)
|
|
Batting: RHB Paul Molitor
|
0-0: Called Strike 0-1: Ball 1-1: Foul Ball, location: 2F 1-2: Fly out, F8 (Flyball, 89S, EV 81.3 MPH)
|
| Top of the 3rd over - 0 runs, 0 hits, 0 errors, 0 left on base; Philadelphia 2 - Los Angeles 2 |
| BOTTOM OF THE 3RD |
|
Los Angeles Dodgers batting - Pitching for Philadelphia Phillies : RHP Jim Beattie
|
|
Batting: RHB Billy Sample
|
0-0: Ball 1-0: Ball 2-0: SINGLE (Flyball, 5D, EV 95.0 MPH)
|
|
Batting: RHB Carney Lansford
|
0-0: Ball Billy Sample is caught stealing 2nd base 2-4 1-0: Called Strike 1-1: Called Strike 1-2: Strikes out swinging
|
|
Batting: RHB Dick Davis
|
0-0: Ball 1-0: Ball 2-0: Foul Ball, location: 2F 2-1: Foul Ball, location: 2F 2-2: Ball 3-2: Fly out, F7 (Line Drive, 7, EV 105.0 MPH)
|
| Bottom of the 3rd over - 0 runs, 1 hit, 0 errors, 0 left on base; Philadelphia 2 - Los Angeles 2 |
| TOP OF THE 4TH |
|
Philadelphia Phillies batting - Pitching for Los Angeles Dodgers : LHP Dave Righetti
|
|
Batting: LHB Tony Gwynn
|
0-0: Ball 1-0: Ball 2-0: Ball 3-0: Called Strike 3-1: Base on Balls
|
|
Batting: RHB Candy Maldonado
|
0-0: Called Strike 0-1: Ball 1-1: Ball Tony Gwynn is caught stealing 2nd base 2-4 2-1: Swinging Strike 2-2: Ball 3-2: Foul Ball, location: 2F 3-2: SINGLE (Line Drive, 4MD, EV 95.0 MPH)
|
|
Batting: RHB Andre Dawson
|
0-0: Ball 1-0: Fly out, F9 (Flyball, 89S, EV 81.3 MPH)
|
|
Batting: RHB Jody Davis
|
0-0: Ball 1-0: Called Strike Pickoff Throw to First - Out! 1-3
|
| Top of the 4th over - 0 runs, 1 hit, 0 errors, 0 left on base; Philadelphia 2 - Los Angeles 2 |
| BOTTOM OF THE 4TH |
|
Los Angeles Dodgers batting - Pitching for Philadelphia Phillies : RHP Jim Beattie
|
|
Batting: RHB Jerry Keller
|
0-0: Ball 1-0: Foul Ball, location: 2F 1-1: Called Strike 1-2: Foul Ball, location: 2F 1-2: Fly out, F8 (Flyball, 8RS, EV 90.0 MPH)
|
|
Batting: RHB Gary Gaetti
|
0-0: Ball 1-0: Called Strike 1-1: Swinging Strike 1-2: Strikes out swinging
|
|
Batting: SHB Chris W Smith
|
0-0: Ball 1-0: Ball 2-0: Foul Ball, location: 2F 2-1: Ball 3-1: Swinging Strike 3-2: Base on Balls
|
|
Batting: RHB Toby Harrah
|
0-0: Ball 1-0: Ball 2-0: Called Strike 2-1: Fly out, F4 (Popup, 34, EV 71.3 MPH)
|
| Bottom of the 4th over - 0 runs, 0 hits, 0 errors, 1 left on base; Philadelphia 2 - Los Angeles 2 |
| TOP OF THE 5TH |
|
Philadelphia Phillies batting - Pitching for Los Angeles Dodgers : LHP Dave Righetti
|
|
Batting: RHB Jody Davis
|
0-0: SOLO HOME RUN (Flyball, 7D, EV 103.1 MPH), Distance : 395 ft
|
|
Batting: RHB Dan Thomas
|
0-0: Called Strike 0-1: Ball 1-1: Ball 2-1: Called Strike 2-2: Ball 3-2: SINGLE (Flyball, 6D, EV 90.0 MPH)
|
|
Batting: LHB Lou Whitaker
|
0-0: Ball 1-0: SINGLE (Groundball, 56D, EV 102.5 MPH) Dan Thomas to second
|
|
Batting: RHB Jim Beattie
|
0-0: Bunt missed! 0-1: Sac Bunt to P - play at first, batter OUT! 1-4 Dan Thomas to third Lou Whitaker to second
|
|
Batting: RHB Andy Ramirez
|
0-0: Ball 1-0: Fly out, F3 (Popup, 34, EV 63.1 MPH)
|
|
Batting: RHB Paul Molitor
|
0-0: Foul Ball, location: 2F 0-1: Ball 1-1: DOUBLE (Flyball, 8RXD, EV 102.5 MPH) Dan Thomas scores Lou Whitaker scores
|
|
Batting: LHB Tony Gwynn
|
0-0: DOUBLE (Line Drive, 89D, EV 105.0 MPH) Paul Molitor scores
|
|
Pitching: RHP Robert Polinsky
|
|
|
Now at 2B: Damaso Garcia
|
|
|
Batting: RHB Candy Maldonado
|
0-0: Ground out 1-3 (Groundball, 13S, EV 75.0 MPH)
|
| Top of the 5th over - 4 runs, 5 hits, 0 errors, 1 left on base; Philadelphia 6 - Los Angeles 2 |
| BOTTOM OF THE 5TH |
|
Los Angeles Dodgers batting - Pitching for Philadelphia Phillies : RHP Jim Beattie
|
|
Batting: RHB Roberto Reyes
|
0-0: Ball 1-0: Foul Ball, location: 2F 1-1: Ball 2-1: Ball 3-1: Swinging Strike 3-2: SINGLE (Line Drive, 7S, EV 99.4 MPH)
|
|
Batting: RHB Damaso Garcia
|
0-0: Swinging Strike 0-1: Fielders Choice at 2nd, 4-6 (Groundball, 4, EV 96.9 MPH)
|
|
Batting: RHB Billy Sample
|
0-0: Ball Damaso Garcia steals 2nd base 1-0: Ball 2-0: Ball 3-0: Called Strike 3-1: Base on Balls
|
|
Batting: RHB Carney Lansford
|
0-0: Ball 1-0: Ball 2-0: Called Strike Damaso Garcia steals 3rd, throwing error, E2 Damaso Garcia scores Billy Sample to third 2-1: Ball 3-1: Base on Balls
|
|
Batting: RHB Dick Davis
|
0-0: Ball 1-0: Ball 2-0: Ball 3-0: Base on Balls Carney Lansford to second
|
|
Batting: RHB Jerry Keller
|
0-0: Foul Ball, location: 2F 0-1: Foul Ball, location: 2F 0-2: GRAND SLAM HOME RUN (Flyball, 7D, EV 105.0 MPH), Distance : 390 ft
|
|
Pitching: RHP Tony Villa
|
|
|
Batting: RHB Gary Gaetti
|
0-0: Ball 1-0: Ball 2-0: Ball 3-0: Called Strike 3-1: Foul Ball, location: 2F 3-2: Strikes out swinging
|
|
Batting: SHB Chris W Smith
|
0-0: Called Strike 0-1: Ball 1-1: Swinging Strike 1-2: Ball 2-2: Ball 3-2: Base on Balls
|
|
Pinch Hitting: RHB Mike Shelton
|
0-0: Foul Ball, location: 2F 0-1: Ball 1-1: Ball 2-1: Fly out, F7 (Flyball, 78D, EV 98.8 MPH)
|
| Bottom of the 5th over - 5 runs, 2 hits, 1 error, 1 left on base; Philadelphia 6 - Los Angeles 7 |
| TOP OF THE 6TH |
|
Philadelphia Phillies batting - Pitching for Los Angeles Dodgers : RHP Robert Polinsky
|
|
Pitching: RHP Chuck Porter
|
|
|
Batting: RHB Andre Dawson
|
0-0: Fly out, F3 (Line Drive, 3, EV 66.3 MPH)
|
|
Batting: RHB Jody Davis
|
0-0: Ball 1-0: Ball 2-0: Ball 3-0: Base on Balls
|
|
Batting: RHB Dan Thomas
|
0-0: Ball 1-0: Ball 2-0: Called Strike 2-1: Called Strike 2-2: Foul Ball, location: 2F 2-2: Ball 3-2: Strikes out swinging Jody Davis steals 2nd base Batter strikes out.
|
|
Batting: LHB Lou Whitaker
|
0-0: Called Strike 0-1: Foul Ball, location: 2F 0-2: Ball 1-2: Ground out U3 (Groundball, 3, EV 86.9 MPH)
|
| Top of the 6th over - 0 runs, 0 hits, 0 errors, 1 left on base; Philadelphia 6 - Los Angeles 7 |
| BOTTOM OF THE 6TH |
|
Los Angeles Dodgers batting - Pitching for Philadelphia Phillies : RHP Tony Villa
|
|
Batting: RHB Roberto Reyes
|
0-0: Called Strike 0-1: Ground out U3 (Groundball, 34S, EV 90.0 MPH)
|
|
Batting: RHB Damaso Garcia
|
0-0: Swinging Strike 0-1: Fly out, F9 (Line Drive, 9, EV 107.5 MPH)
|
|
Batting: RHB Billy Sample
|
0-0: Swinging Strike 0-1: Ball 1-1: Swinging Strike 1-2: Strikes out swinging
|
| Bottom of the 6th over - 0 runs, 0 hits, 0 errors, 0 left on base; Philadelphia 6 - Los Angeles 7 |
| TOP OF THE 7TH |
|
Philadelphia Phillies batting - Pitching for Los Angeles Dodgers : RHP Chuck Porter
|
|
Pinch Hitting: LHB Ken Phelps
|
0-0: Called Strike 0-1: Swinging Strike 0-2: Ball 1-2: Ball 2-2: Foul Ball, location: 2F 2-2: Fly out, F9 (Line Drive, 9S, EV 96.9 MPH)
|
|
Batting: RHB Andy Ramirez
|
0-0: Called Strike 0-1: Ball 1-1: SINGLE (Flyball, 8RS, EV 89.4 MPH)
|
|
Batting: RHB Paul Molitor
|
0-0: Ball 1-0: Ball 2-0: DOUBLE (Line Drive, 89M, EV 100.0 MPH) Andy Ramirez to third Runner from 3rd tries for Home, SAFE, throw by CF to trailing runner, SAFE at third!
|
|
Batting: LHB Tony Gwynn
|
0-0: Intentional Walk
|
|
Batting: RHB Candy Maldonado
|
0-0: Called Strike 0-1: Called Strike Tony Gwynn steals 2nd base 0-2: Strikes out looking
|
|
Batting: RHB Andre Dawson
|
0-0: Called Strike 0-1: Swinging Strike 0-2: Fly out, F7 (Flyball, 7LD, EV 106.9 MPH)
|
| Top of the 7th over - 1 run, 2 hits, 0 errors, 2 left on base; Philadelphia 7 - Los Angeles 7 |
| BOTTOM OF THE 7TH |
|
Los Angeles Dodgers batting - Pitching for Philadelphia Phillies : RHP Tony Villa
|
|
Pitching: RHP Tom Hume
|
|
|
Batting: RHB Carney Lansford
|
0-0: Called Strike 0-1: Ball 1-1: Foul Ball, location: 2F 1-2: Ball 2-2: Ground out 6-3 (Groundball, 6M, EV 98.1 MPH)
|
|
Batting: RHB Dick Davis
|
0-0: Foul Ball, location: 2F 0-1: Fly out, F8 (Flyball, 8LD, EV 91.9 MPH)
|
|
Batting: RHB Jerry Keller
|
0-0: Ball 1-0: Called Strike 1-1: Ball 2-1: Ball 3-1: Called Strike 3-2: Base on Balls
|
|
Batting: RHB Gary Gaetti
|
0-0: Called Strike 0-1: Ball 1-1: Foul Ball, location: 2F 1-2: Ball 2-2: Foul Ball, location: 2F 2-2: Strikes out looking
|
| Bottom of the 7th over - 0 runs, 0 hits, 0 errors, 1 left on base; Philadelphia 7 - Los Angeles 7 |
| TOP OF THE 8TH |
|
Philadelphia Phillies batting - Pitching for Los Angeles Dodgers : RHP Chuck Porter
|
|
Pitching: RHP Steve Foucault
|
|
|
Batting: RHB Jody Davis
|
0-0: Foul Ball, location: 2F 0-1: Ball 1-1: Called Strike 1-2: Fly out, F9 (Flyball, 89S, EV 81.9 MPH)
|
|
Batting: RHB Dan Thomas
|
0-0: Ball 1-0: Called Strike 1-1: Ball 2-1: Ground out 1-3 (Groundball, P, EV 75.0 MPH)
|
|
Batting: LHB Lou Whitaker
|
0-0: Ball 1-0: Called Strike 1-1: Called Strike 1-2: Strikes out swinging
|
| Top of the 8th over - 0 runs, 0 hits, 0 errors, 0 left on base; Philadelphia 7 - Los Angeles 7 |
| BOTTOM OF THE 8TH |
|
Los Angeles Dodgers batting - Pitching for Philadelphia Phillies : RHP Tom Hume
|
|
Batting: SHB Chris W Smith
|
0-0: Ground out 6-3 (Groundball, 6, EV 96.9 MPH)
|
|
Pinch Hitting: LHB Ronald Jackson
|
0-0: Ball 1-0: Ball 2-0: Ground out 4-3 (Groundball, 4, EV 86.3 MPH)
|
|
Batting: RHB Roberto Reyes
|
0-0: Ball 1-0: Ball 2-0: Ball 3-0: Called Strike 3-1: Foul Ball, location: 2F 3-2: Fly out, F6 (Line Drive, 6, EV 75.6 MPH)
|
| Bottom of the 8th over - 0 runs, 0 hits, 0 errors, 0 left on base; Philadelphia 7 - Los Angeles 7 |
| TOP OF THE 9TH |
|
Philadelphia Phillies batting - Pitching for Los Angeles Dodgers : RHP Steve Foucault
|
|
Pitching: LHP Rod Scurry
|
|
|
Pinch Hitting: LHB Cecil Cooper
|
0-0: Foul Ball, location: 2F 0-1: Ball 1-1: Swinging Strike 1-2: Strikes out looking
|
|
Batting: RHB Andy Ramirez
|
0-0: Swinging Strike 0-1: Ground out 4-3 (Groundball, 34D, EV 78.1 MPH)
|
|
Batting: RHB Paul Molitor
|
0-0: Ball 1-0: Called Strike 1-1: Swinging Strike 1-2: Ground out 6-3 (Groundball, 6, EV 84.4 MPH)
|
| Top of the 9th over - 0 runs, 0 hits, 0 errors, 0 left on base; Philadelphia 7 - Los Angeles 7 |
| BOTTOM OF THE 9TH |
|
Los Angeles Dodgers batting - Pitching for Philadelphia Phillies : RHP Tom Hume
|
|
Pitching: LHP Lawrence Burgess
|
|
|
Batting: RHB Damaso Garcia
|
0-0: Ball 1-0: Fly out, F6 (Popup, 6D, EV 43.1 MPH)
|
|
Batting: RHB Billy Sample
|
0-0: Ball 1-0: Foul Ball, location: 2F 1-1: Foul Ball, location: 2F 1-2: Ball 2-2: SINGLE (Groundball, 6MD, EV 104.4 MPH)
|
|
Batting: RHB Carney Lansford
|
0-0: Called Strike 0-1: Ball 1-1: Ball 2-1: Foul Ball, location: 2F 2-2: Strikes out swinging
|
|
Batting: RHB Dick Davis
|
0-0: Called Strike 0-1: Ball 1-1: Ball 2-1: Called Strike 2-2: Ball 3-2: Foul Ball, location: 2F 3-2: Foul Ball, location: 2F 3-2: Foul Ball, location: 2F 3-2: Strikes out looking
|
| Bottom of the 9th over - 0 runs, 1 hit, 0 errors, 1 left on base; Philadelphia 7 - Los Angeles 7 |
| TOP OF THE 10TH |
|
Philadelphia Phillies batting - Pitching for Los Angeles Dodgers : LHP Rod Scurry
|
|
Batting: LHB Tony Gwynn
|
0-0: Ball 1-0: Foul Ball, location: 2F 1-1: Fly out, F8 (Flyball, 8LXD, EV 90.0 MPH)
|
|
Batting: RHB Candy Maldonado
|
0-0: Foul Ball, location: 2F 0-1: Swinging Strike 0-2: Ball 1-2: Strikes out looking
|
|
Batting: RHB Andre Dawson
|
0-0: Called Strike 0-1: Swinging Strike 0-2: Foul Ball, location: 2F 0-2: Ball 1-2: Foul Ball, location: 2F 1-2: Ground out 6-3 (Groundball, 6, EV 96.9 MPH)
|
| Top of the 10th over - 0 runs, 0 hits, 0 errors, 0 left on base; Philadelphia 7 - Los Angeles 7 |
| BOTTOM OF THE 10TH |
|
Los Angeles Dodgers batting - Pitching for Philadelphia Phillies : LHP Lawrence Burgess
|
|
Batting: RHB Jerry Keller
|
0-0: Ball 1-0: Ball 2-0: Foul Ball, location: 2F 2-1: Ball 3-1: Base on Balls
|
|
Pitching: RHP Stan Jakubowski
|
|
|
Batting: RHB Gary Gaetti
|
0-0: Foul Ball, location: 2F 0-1: Called Strike 0-2: Ball 1-2: DOUBLE (Line Drive, 7LS, EV 110.0 MPH) Jerry Keller to third Runner from 3rd tries for Home, throw by LF and OUT! 7-6-2
|
|
Batting: SHB Chris W Smith
|
0-0: Called Strike 0-1: Fly out, F7 (Flyball, 78S, EV 91.3 MPH)
|
|
Pinch Hitting: RHB John Almon
|
0-0: Ball 1-0: Ball 2-0: Called Strike 2-1: Ball 3-1: Base on Balls
|
|
Batting: RHB Roberto Reyes
|
0-0: SINGLE (Groundball, 4MD, EV 93.8 MPH) Gary Gaetti to third John Almon to second Runner from 3rd tries for Home, SAFE, throw by CF to home
|
| Bottom of the 10th over - 1 run, 2 hits, 0 errors, 0 left on base; Philadelphia 7 - Los Angeles 8 |
|